[Event "Chinese League Division-A 2024"]
[Site "Fuling Chongqing"]
[Date "2024.07.01"]
[Round "5.25"]
[White "Wang, Chuqiao"]
[Black "Feng, Eunice"]
[Result "1-0"]
[ECO "D12"]
[WhiteElo "2278"]
[BlackElo "1936"]
[Annotator "TA"]
[PlyCount "84"]
[EventDate "2024.06.28"]
[EventType "team-tourn"]
[EventCountry "CHN"]
[SourceTitle "playchess.com"]
[Source "ChessBase"]
[SourceQuality "1"]
[TimeControl "40/5400+30:1800+30"]

1. d4 d5 2. c4 c6 3. Nf3 Nf6 4. e3 Bf5 5. Nc3 e6 6. Nh4 Be4 7. f3 Bg6 8. Qb3 Qc7 9. Bd2 Be7 10. O-O-O dxc4 11. Qxc4 {[%emt 0:02:15] The position is equal.} a6 12. Nxg6 hxg6 13. g4 b5 14. Qe2 c5 15. dxc5 Qxc5 {[%emt 0:00:33] ...b4 is the strong threat.} 16. Kb1 Nbd7 17. Rc1 O-O 18. h4 Ne5 19. Ne4 Qd5 20. Nxf6+ Bxf6 (20... gxf6 $11 {keeps the balance.} 21. Bg2 Rad8) 21. e4 $16 Qd7 22. g5 $1 Be7 {[%emt 0:00:25] [#]} 23. Bc3 $1 Nc4 {[%emt 0:00:37] [#] A mistake that costs the game.} (23... Nc6 $16 {keeps fighting.}) 24. Qh2 $1 $18 f5 $2 (24... b4) 25. Bxc4 bxc4 26. Rcd1 $2 (26. h5 Qe8 27. Qe5 (27. hxg6 Qxg6 28. exf5 exf5 $18)) 26... Qe8 27. Qe5 Qf7 28. Rhe1 $40 {[%emt 0:05:09][%mdl 128] Black is in trouble.} Rad8 29. Rxd8 Bxd8 30. exf5 Qxf5+ 31. Qxf5 Rxf5 32. Rxe6 Ba5 33. Bxa5 ({Less strong is} 33. Rxa6 Bxc3 34. bxc3 Rxf3 $18) 33... Rxa5 34. Rxg6 {[%emt 0:03:25][%mdl 4096] Endgame. KR-KR} Rf5 (34... Kh8 $142 35. Rc6 Kh7) 35. Rxa6 Rxf3 36. g6 {[%emt 0:00:00] Intending Ra8+ and mate.} Kf8 37. Ra8+ Ke7 38. Ra7+ Ke6 39. Rxg7 Rh3 40. Rh7 {[%emt 0:00:00] aiming for h5.} c3 41. bxc3 Rxc3 42. h5 Kd5 {[%emt 0:00:18] Weighted Error Value: White=0.18 (very precise) /Black=0.56.  Mistake:       	---       	Black=4      Inaccurate:     	White=3     	Black=4      OK:         	White=8     	Black=8      Best:        	White=4     	---        Strong:       	White=3     	---} 1-0

[Event "Chinese League Division-A 2024"]
[Site "Fuling Chongqing"]
[Date "2024.07.01"]
[Round "5.26"]
[White "Bai, Jinshi"]
[Black "Chen, Qi b"]
[Result "0-1"]
[ECO "D35"]
[WhiteElo "2564"]
[BlackElo "2481"]
[Annotator "TA"]
[PlyCount "80"]
[EventDate "2024.06.28"]
[EventType "team-tourn"]
[EventCountry "CHN"]
[SourceTitle "playchess.com"]
[Source "ChessBase"]
[SourceQuality "1"]
[TimeControl "40/5400+30:1800+30"]

1. d4 Nf6 2. c4 e6 3. Nc3 d5 4. cxd5 exd5 5. Bg5 c6 6. e3 h6 7. Bh4 Be7 8. Bd3 O-O 9. Nge2 Bg4 10. O-O Bxe2 11. Qxe2 {[%emt 0:09:10] White has an edge.} Ne8 12. Bg3 Bd6 13. Rab1 a5 14. a3 Na6 15. Rfc1 Bxg3 16. hxg3 Nd6 17. b4 axb4 18. axb4 b5 $1 19. e4 dxe4 (19... Re8 $1 $11) 20. Nxe4 $14 Re8 {[%emt 0:24:41] Hoping for ...Nxe4.} 21. Qf3 {[%emt 0:02:22] aiming for Nxd6.} (21. Rxc6 $2 Nxe4 22. Bxe4 Qxd4 $17) 21... Rc8 22. Nc5 Nb8 23. Ra1 Qb6 (23... Qg5 $14) 24. g4 $1 $16 Qd8 {[%emt 0:02:48] Repels g5} 25. Qf4 Qe7 {[%emt 0:03:59] Prevents Re1.} 26. Ra8 ({White should play} 26. Re1 $1 $16 Qc7 27. Re3) 26... Rcd8 27. Rca1 ({Better is} 27. g3 $16) 27... Nd7 $11 28. R8a6 Nxc5 (28... Nf6 {looks sharper.} 29. Rxc6 Nd5 30. Qe5 Nc4) 29. bxc5 Ne4 30. Rxc6 {[%emt 0:02:21][%cal Oc6c7] Strongly threatening Rc7!} Rxd4 31. Rc7 Qe6 32. Bxb5 Red8 (32... Nc3 $11 {keeps the balance.} 33. Qxd4 Nxb5) 33. Ra4 $2 {[%emt 0:03:33][%mdl 8192] [#] White does not recover from this.} (33. Qf5 $16 {Threatens to win with Qxe6.} Rd1+ 34. Rxd1 Rxd1+ 35. Kh2 Qxf5 36. gxf5) 33... Rxa4 $1 $19 34. Bxa4 {[%emt 0:00:04][%cal Oa4b3] [#]} Nc3 $1 {[%emt 0:00:09] ( -> ...Ne2+)} 35. Kh2 Nxa4 36. c6 Nb6 37. Rb7 Nd5 (37... Qxc6 38. Qxf7+ Kh8 39. Qxg7#) 38. c7 Rc8 (38... Nxf4 $2 {perishes.} 39. cxd8=Q+ (39. cxd8=B $2 {is a self mate.} Qxg4 40. g3 Qh3+ 41. Kg1 Ne2#) 39... Kh7 40. Qd7 Qxd7 41. Rxd7 $18) 39. Qg3 Qd7 40. Qd3 Qc6 {[%emt 0:00:00] Weighted Error Value: White=0.41/Black=0.15 (very precise) .  Loses game:     	White=1     	---        Mistake:       	White=2     	Black=3      Inaccurate:     	White=1     	Black=2      OK:         	White=10    	Black=14     Best:        	White=1     	Black=3      Strong:       	---       	Black=3} ({Not} 40... Rxc7 41. Rb8+ Rc8 42. Rxc8+ Qxc8 43. Qxd5 $15) 0-1

[Event "Chinese League Division-A 2024"]
[Site "Fuling Chongqing"]
[Date "2024.07.01"]
[Round "5.27"]
[White "Xu, Jun"]
[Black "Kong, Xiangrui"]
[Result "1/2-1/2"]
[ECO "D12"]
[WhiteElo "2471"]
[BlackElo "2439"]
[Annotator "TA"]
[PlyCount "113"]
[EventDate "2024.06.28"]
[EventType "team-tourn"]
[EventCountry "CHN"]
[SourceTitle "playchess.com"]
[Source "ChessBase"]
[SourceQuality "1"]
[TimeControl "40/5400+30:1800+30"]

1. d4 d5 2. c4 c6 3. Nf3 Nf6 4. e3 Bf5 5. Nc3 e6 6. Nh4 Be4 7. f3 Bg6 8. Qb3 Qc7 9. Bd2 {[%emt 0:00:49] D12: Slav Defence: 3 Nf3 Nf6 4 e3 Bf5.} Be7 10. g3 O-O 11. Nxg6 hxg6 12. Rc1 dxc4 13. Bxc4 Nbd7 14. O-O e5 15. d5 b5 16. Be2 Qd6 $146 ({Predecessor:} 16... Nc5 17. Qc2 cxd5 18. Nxb5 Qd7 19. b4 Ne6 20. Qc6 Rfd8 21. a3 a6 22. Nc7 Nxc7 23. Qxc7 {0-1 Erigaisi,A (2559)-Bluebaum,M (2647) Titled Tuesday intern op 11th Aug blitz 2020 (10)}) 17. e4 Nc5 18. Qd1 cxd5 19. Nxd5 Nxd5 20. exd5 Qb6 (20... Rac8 $11) 21. Be3 $16 a5 22. Qd2 b4 ({Black should play} 22... Rac8) 23. Rc4 Rac8 24. Rfc1 Rc7 25. Kg2 Rfc8 26. b3 Bd6 27. Bf1 Qb7 28. Bf2 e4 29. Be2 (29. fxe4 Nxe4 30. Qd3 Nxf2 31. Kxf2 Rxc4 32. Rxc4 Rxc4 33. Qxc4 Qb6+ 34. Kg2 Qd8 $15) 29... exf3+ 30. Bxf3 Nd7 {[%emt 0:01:15] [#]} (30... Qb8 $14) 31. Rc6 (31. Rxc7 $1 $16 Rxc7 32. Rc6) 31... Ne5 $11 32. Qe2 Nxc6 33. dxc6 Qb8 ({Don't go for} 33... Rxc6 $2 34. Rxc6 (34. Bxc6 Qb8 $18) 34... Qb8 (34... Rxc6 $2 {too greedy.} 35. Qe8+ Kh7 36. Bxc6 $18) 35. Rb6 $18) 34. Bd5 Re8 35. Qc4 Re5 $1 36. Rd1 Rce7 37. Bf3 Bc7 (37... Rg5 {is more complex.} 38. Qh4 Rf5 39. Qc4 Re8) 38. Bc5 $1 Rxc5 39. Qxc5 Qe8 40. Rd2 Re5 41. Qc4 Re7 42. Rd5 Re3 43. Rd7 Re7 $1 44. Qd5 Rxd7 45. cxd7 Qe7 46. Be4 Kf8 47. Bd3 Bd8 48. Bc4 Qf6 49. Qc5+ Qe7 50. Qc6 Qe5 51. Qf3 Qb2+ 52. Kh3 Qf6 $1 53. Qxf6 Bxf6 54. Kg4 Ke7 55. d8=Q+ Kxd8 56. Bxf7 g5 $1 57. Kf5 1/2-1/2

[Event "Chinese League Division-A 2024"]
[Site "Fuling Chongqing"]
[Date "2024.07.01"]
[Round "5.28"]
[White "Ma, Qun"]
[Black "Lin, Chen"]
[Result "1-0"]
[ECO "B12"]
[WhiteElo "2643"]
[BlackElo "2484"]
[Annotator "TA"]
[PlyCount "69"]
[EventDate "2024.06.28"]
[EventType "team-tourn"]
[EventCountry "CHN"]
[SourceTitle "playchess.com"]
[Source "ChessBase"]
[SourceQuality "1"]
[TimeControl "40/5400+30:1800+30"]

1. e4 c6 2. d4 d5 3. e5 c5 4. dxc5 e6 5. a3 Bxc5 6. Qg4 Ne7 7. Nf3 {[%emt 0:02:19][%cal Ob2b4] b4! is the strong threat.} Nf5 8. Bd3 {[%emt 0:01:52] Threatens to win with Bxf5. White is slightly better.} h5 9. Qh3 Nc6 10. Bxf5 exf5 11. Qg3 Kf8 12. h4 Be6 ({Black should try} 12... Qa5+ $11 13. Bd2 Qa6) 13. O-O $1 $14 Rc8 {[#]} 14. Rd1 $1 Qb6 {[%emt 0:10:30] [#]} (14... Qa5 $16 {was necessary.}) 15. b4 $1 $18 Be7 16. Nc3 Nd8 17. Be3 Qa6 (17... d4 {is a better defense.} 18. Bxd4 (18. Rxd4 $2 Rxc3 19. Rd6 Qc7 $19) 18... Qa6) 18. Nxd5 Bxd5 19. Rxd5 Ne6 {[%emt 0:00:15] Strongly threatening ...f4.} 20. Nd4 g6 21. b5 Nxd4 22. bxa6 (22. Bxd4 Qe6 23. Rd6 Bxd6 24. exd6 Rh7) 22... Ne2+ 23. Kh2 Nxg3 24. axb7 Rb8 25. Rd7 Ne4 {[%emt 0:01:11][%mdl 8192] This costs Black the game.} (25... Ke8 $16 {was called for.} 26. Rc7 Bd8) 26. Bxa7 {[%emt 0:01:12] Black is weak on the dark squares} Nc5 27. Rd5 (27. Rxe7 Kxe7 28. Bxc5+ Kd7 $14) 27... Rxb7 28. Bxc5 Bxc5 29. Rxc5 {[%emt 0:00:03][%mdl 4096] Endgame. KRR-KRR} Ke7 30. a4 Rb4 31. Kh3 Rd8 32. a5 Rdd4 $2 {[%emt 0:00:06] [#]} (32... Rd7 33. c4 Rb3+ 34. Kh2 Ra7) 33. c4 $1 {[%emt 0:00:16] White is clearly winning.} Rb3+ (33... Rb7 34. a6) 34. f3 Rd2 35. a6 {[%emt 0:02:14] Weighted Error Value: White=0.20 (precise) /Black=0.50.  Loses game:     	---       	Black=1      Mistake:       	---       	Black=4      Inaccurate:     	White=2     	Black=4      OK:         	White=16    	Black=11     Best:        	White=2     	Black=3      Strong:       	White=2     	---} 1-0

[Event "Chinese League Division-A 2024"]
[Site "Fuling Chongqing"]
[Date "2024.07.01"]
[Round "5.29"]
[White "Guo, Qi"]
[Black "Zhai, Mo"]
[Result "1/2-1/2"]
[ECO "E52"]
[WhiteElo "2362"]
[BlackElo "2348"]
[Annotator "TA"]
[PlyCount "60"]
[EventDate "2024.06.28"]
[EventType "team-tourn"]
[EventCountry "CHN"]
[SourceTitle "playchess.com"]
[Source "ChessBase"]
[SourceQuality "1"]
[TimeControl "40/5400+30:1800+30"]

1. d4 Nf6 2. c4 e6 3. Nc3 Bb4 4. e3 O-O 5. Bd3 d5 6. Nf3 b6 7. cxd5 exd5 8. Ne5 Bb7 9. O-O Nbd7 10. f4 c5 {[%emt 0:01:08] The position is equal.} 11. Bd2 Ne4 12. Nxe4 dxe4 13. Bc4 {[%emt 0:00:04] next Bxb4 is good for White.} Bxd2 14. Qxd2 Nxe5 15. fxe5 Bd5 16. b3 cxd4 {[%emt 0:24:04] [#] Strongly threatening ...d3.} 17. exd4 Rc8 18. Rac1 Bxc4 19. bxc4 f6 20. exf6 ({Don't play} 20. e6 Rc6 21. Qe3 (21. d5 Rxe6 22. Qe3 Re5 $17) 21... Rxe6 $17) 20... Rxf6 21. Rxf6 Qxf6 $11 {[%emt 0:00:08][%mdl 4096] Endgame. KQR-KQR} 22. Qe3 Qe6 23. d5 Qe5 24. a4 h6 25. h3 Rc5 26. Kh1 Kh7 27. Kg1 Kg8 28. Kh1 Kh7 29. Kg1 Kg8 30. Kh1 Kh7 {[%emt 0:00:11] An uneventful encounter.   Weighted Error Value: White=0.02 (flawless) /Black=0.01 (flawless) .  OK:         	White=8     	Black=9} 1/2-1/2

[Event "Chinese League Division-A 2024"]
[Site "Fuling Chongqing"]
[Date "2024.07.01"]
[Round "5.30"]
[White "Lu, Miaoyi"]
[Black "Gao, Muziyan"]
[Result "1-0"]
[ECO "B54"]
[WhiteElo "2449"]
[BlackElo "1943"]
[Annotator "TA"]
[PlyCount "85"]
[EventDate "2024.06.28"]
[EventType "team-tourn"]
[EventCountry "CHN"]
[SourceTitle "playchess.com"]
[Source "ChessBase"]
[SourceQuality "1"]
[TimeControl "40/5400+30:1800+30"]

1. e4 c5 2. Nc3 Nc6 3. Nf3 d6 4. Bb5 Bd7 5. Bxc6 Bxc6 6. d4 cxd4 7. Nxd4 Nf6 8. Qe2 e6 9. Bf4 Be7 {[%emt 0:18:50] White has an edge.} 10. O-O-O O-O 11. Rd3 Qa5 12. Rhd1 Rfd8 (12... Rac8 $11) 13. Nxc6 $16 bxc6 14. Bxd6 Bxd6 15. Rxd6 Rdb8 16. Rxc6 Qg5+ 17. Qd2 Qxg2 18. f4 Qh3 19. Rd6 h6 20. Rg1 Qh4 21. Rd4 Nh5 {[%emt 0:11:08] [#]} (21... Ne8 $16 22. Rd1 Kh7) 22. f5 $1 $18 {[%emt 0:00:02] Strongly threatening e5.} Qf6 23. fxe6 (23. e5 $18 Qxe5 24. Rh4 (24. fxe6 Qxe6 25. Nd5 Qe5 $16)) 23... fxe6 $16 24. Rd6 Kh8 25. Qd4 Qf4+ 26. Kb1 {[%emt 0:00:01] White is more active.} Re8 27. Nb5 ({White should try} 27. Rd7 $18 Rg8 28. Rd6 (28. Rxa7 Rad8 $18)) 27... Qf7 {[%emt 0:00:30] Loses the game.} (27... Qxh2 $16 {was called for.} 28. Qd1 (28. Nxa7 $2 {too greedy.} Rxa7 $19) (28. Nc7 Rac8 $17) 28... Qe5) 28. Rd7 $18 Re7 29. Rd8+ ({Much less strong is} 29. Nd6 Qf8 30. Rxe7 Qxe7 $18) 29... Rxd8 30. Qxd8+ Qe8 31. Qxe8+ Rxe8 32. Nxa7 {[%emt 0:00:05][%mdl 4096] Endgame. KRN-KRN} g5 33. Nb5 Nf6 34. Nd6 {[%emt 0:00:44][%cal Oe4e5] [#] Threatens to win with e5! White is clearly winning.} Rg8 35. c4 Nd7 36. b4 Rb8 37. a3 Rb6 38. Rd1 Kg8 {[%emt 0:00:15] Prevents Nf7} 39. Ka2 Kf8 40. c5 Rc6 41. Rf1+ Ke7 42. Rf7+ Kd8 43. b5 {[%emt 0:01:24] Weighted Error Value: White=0.08 (flawless) /Black=0.29 (precise) .  Loses game:     	---       	Black=1      Mistake:       	White=2     	Black=2      OK:         	White=17    	Black=6      Best:        	White=2     	Black=2      Strong:       	White=1     	---} 1-0

[Event "Chinese League Division-A 2024"]
[Site "Fuling Chongqing"]
[Date "2024.07.02"]
[Round "6.1"]
[White "Yu, Yangyi"]
[Black "Chen, Qi b"]
[Result "1/2-1/2"]
[ECO "D80"]
[WhiteElo "2715"]
[BlackElo "2481"]
[Annotator "TA"]
[PlyCount "69"]
[EventDate "2024.06.28"]
[EventType "team-tourn"]
[EventCountry "CHN"]
[SourceTitle "playchess.com"]
[Source "ChessBase"]
[SourceQuality "1"]
[TimeControl "40/5400+30:1800+30"]

1. d4 Nf6 2. c4 g6 3. Nc3 d5 4. Bg5 c5 5. e3 cxd4 6. Qxd4 Nc6 7. Qd2 (7. Qd1 $11) 7... dxc4 ({Black should try} 7... Ne4 $15 8. Nxe4 dxe4) 8. Qxd8+ $11 {[%emt 0:00:00] The position is equal.} Nxd8 9. Bxc4 {[%emt 0:00:00] [#] Strongly threatening Nb5.} Bg7 10. Nge2 Ne6 11. Bh4 Bd7 12. O-O Rc8 13. Bb3 O-O 14. Rfd1 {[%emt 0:01:21] [#] Hoping for Bxf6.} Rfd8 15. Rac1 Kf8 16. f3 a6 17. Rd2 Be8 18. Bxe6 fxe6 19. Nd4 Bf7 20. Rcd1 {[%emt 0:01:11] Black must now prevent Bxf6.} Ke8 21. Kf2 Nd5 22. Ne4 h6 23. Bg3 Nf6 24. Nc3 Nd5 25. Nde2 Nxc3 26. Nxc3 Rxd2+ 27. Rxd2 Bxc3 28. bxc3 ({Avoid the trap} 28. Rc2 $2 Be1+ 29. Kxe1 Rxc2 $19) 28... Rxc3 {[%emt 0:03:14][%cal Oe6e5][%mdl 4096] Endgame. KRB-KRB} 29. Be5 Rc5 30. Bd4 Rd5 31. e4 Rd8 32. a3 e5 33. Bc3 Rxd2+ 34. Bxd2 h5 35. Bc3 {[%emt 0:00:00] A rather calm draw.   Weighted Error Value: White=0.06 (flawless) /Black=0.07 (flawless) .  Mistake:       	White=1     	Black=1      OK:         	White=9     	Black=10     Best:        	White=1     	Black=1} 1/2-1/2

[Event "Chinese League Division-A 2024"]
[Site "Fuling Chongqing"]
[Date "2024.07.02"]
[Round "6.2"]
[White "Wei, Yi"]
[Black "Li, Chao b"]
[Result "1-0"]
[ECO "B01"]
[WhiteElo "2755"]
[BlackElo "2645"]
[Annotator "TA"]
[PlyCount "65"]
[EventDate "2024.06.28"]
[EventType "team-tourn"]
[EventCountry "CHN"]
[SourceTitle "playchess.com"]
[Source "ChessBase"]
[SourceQuality "1"]
[TimeControl "40/5400+30:1800+30"]

1. e4 d5 2. exd5 Qxd5 3. Nc3 Qa5 4. d4 Nf6 5. Bd2 Bg4 6. f3 Bd7 7. Bc4 Qb6 8. Nge2 {[%emt 0:09:00] White is slightly better.} e6 9. O-O Be7 10. b4 a6 (10... O-O $5) 11. a3 c5 12. bxc5 Bxc5 13. Bg5 {[%emt 0:14:14][%cal Og5f6] And now Bxf6! would win.} Be7 14. Ne4 Nxe4 (14... Qd8 {simplifies} 15. Nxf6+ Bxf6 16. Bxf6 Qxf6 17. c3 Nc6) 15. Bxe7 Nd6 16. Rb1 Qc7 17. Bxd6 Qxd6 18. Rxb7 Qxa3 19. d5 {[%emt 0:03:20] White has more active pieces.} e5 {[%emt 0:07:09] Prevents Qd4. White must now prevent ...Qc5+.} 20. Qd3 $36 {[%emt 0:05:41][%mdl 2048] White is in control.} Qc5+ 21. Kh1 {[%emt 0:00:21] Threatens to win with d6.} O-O 22. d6 {[%emt 0:03:26] Rc7 would now be deadly.} Ra7 {[%emt 0:10:54] [#]} (22... Rc8 $16 23. Bd5 Ra7 24. Rxa7 Qxa7) 23. Bxf7+ $1 $18 Kxf7 (23... Kh8 24. Rxa7) 24. Qb3+ Kg6 {[%emt 0:00:24] Hoping for ...Rxb7.} 25. Rxb8 Rxb8 26. Qxb8 Bc6 27. Ng3 (27. Rd1 $18 {Qc8 is the strong threat.} Rf7 28. Qb3) 27... Rf7 $2 {[%emt 0:02:38] [#]} (27... h6 $16 28. h3 Rd7) 28. Qc8 $1 {[%emt 0:03:38] White wants to mate with Qg4+.} Qxd6 29. Qh3 {[%emt 0:01:37] Strongly threatening Qh5+.} ({Weaker is} 29. Qxa6 Rd7 30. h3 h6 $16) 29... Rf4 30. Qh5+ Kf6 31. Qxh7 g6 {[%emt 0:00:16][%cal Oe5e4] [#] Prevents Nh5+} 32. Re1 ({White should play} 32. c4 $1 $18) 32... a5 $2 {[%emt 0:01:35][%mdl 8192] [#]} (32... Qd2 $14 33. Rf1 (33. Qh8+ Kf7 $16) 33... Qd6) 33. Nh5+ $1 {[%emt 0:00:06][%mdl 512] Weighted Error Value: White=0.18 (very precise) /Black=0.38.  Loses game:     	---       	Black=2      Mistake:       	White=2     	Black=1      Inaccurate:     	White=2     	Black=2      OK:         	White=16    	Black=9      Best:        	White=1     	Black=1      Strong:       	White=1     	---        Brilliant:      	White=1     	---} 1-0

[Event "Chinese League Division-A 2024"]
[Site "Fuling Chongqing"]
[Date "2024.07.02"]
[Round "6.2"]
[White "Wei, Yi"]
[Black "Li, Chao b"]
[Result "*"]
[ECO "B01"]
[WhiteElo "2755"]
[BlackElo "2645"]
[Annotator "TA"]
[PlyCount "28"]
[EventDate "2024.06.28"]
[EventType "team-tourn"]
[EventCountry "CHN"]
[SourceTitle "playchess.com"]
[Source "ChessBase"]
[SourceQuality "1"]
[TimeControl "40/5400+30:1800+30"]

1. e4 d5 2. exd5 Qxd5 3. Nc3 Qa5 4. d4 Nf6 5. Bd2 Bg4 6. f3 Bd7 7. Bc4 {[%emt 0:06:03][%cal Oc3d5] [#] Strongly threatening Nd5!} Qb6 8. Nge2 e6 9. O-O Be7 10. b4 a6 11. a3 c5 12. bxc5 Bxc5 13. Bg5 {[%emt 0:14:14][%cal Og5f6] [#] And now Bxf6! would win.} Be7 14. Ne4 Qd6 $2 {[%mdl 8192] Weighted Error Value: White=0.04 (flawless) /Black=0.01 (flawless) .  Loses game:     	---       	Black=1      OK:         	White=6     	Black=4      Best:        	---       	Black=1} *

[Event "Chinese League Division-A 2024"]
[Site "Fuling Chongqing"]
[Date "2024.07.02"]
[Round "6.3"]
[White "Zhang, Di"]
[Black "Lin, Chen"]
[Result "0-1"]
[ECO "C45"]
[WhiteElo "2362"]
[BlackElo "2484"]
[Annotator "TA"]
[PlyCount "96"]
[EventDate "2024.06.28"]
[EventType "team-tourn"]
[EventCountry "CHN"]
[SourceTitle "playchess.com"]
[Source "ChessBase"]
[SourceQuality "1"]
[TimeControl "40/5400+30:1800+30"]

1. e4 e5 2. Nf3 Nc6 3. d4 exd4 4. Nxd4 Bc5 5. Nf5 Qf6 6. Nc3 {[%emt 0:01:15] C45: Scotch Game.} Nge7 7. Qg4 O-O 8. Bg5 $146 ({Predecessor:} 8. Nxe7+ Nxe7 9. Qf4 Qb6 10. Bd3 Ng6 11. Qd2 Qc6 12. Nd5 f5 13. O-O b5 14. exf5 Qxd5 15. fxg6 hxg6 16. Bxb5 Qxd2 17. Bxd2 {1-0 Posylek,C (2357)-Ikegami,O olm15 qual GP3 B3 email 2003}) 8... Qg6 9. Qf4 d5 10. O-O-O dxe4 (10... Nxf5 $2 11. exf5 Qd6 (11... Bxf5 $2 12. Rxd5 Bxc2 13. Rxc5 $18) 12. Qh4 $18 (12. Nxd5 Qxf4+ 13. Bxf4 $11)) (10... f6 $1 $15 {keeps the upper hand.}) 11. Nxe7+ $1 $16 (11. Nxe4 Nxf5 (11... Bxf5 12. Nxc5 b6 13. Nd3 $17) 12. Nxc5 h6 $17) 11... Bxe7 12. Bxe7 (12. Nxe4 Bxg5 13. Nxg5 Bf5 $15) 12... Nxe7 13. Qxc7 (13. Qxe4 Qxe4 14. Nxe4 Bf5 $11) 13... Nc6 14. Bb5 (14. Qf4 $16) 14... Re8 (14... Qxg2 $11 {keeps the balance.} 15. Bxc6 bxc6) 15. Kb1 a6 16. Bc4 Be6 ({Black should play} 16... Bf5 $1 $14) 17. Bxe6 $16 Qxe6 18. Qxb7 Rab8 19. Qxa6 Qf6 20. Qc4 (20. Qa3 $16) 20... Rec8 $11 21. Qc5 (21. Nxe4 $2 Qxb2#) 21... Ne7 22. Qd4 Qxd4 $1 ({Worse is} 22... Rxc3 23. Qd8+ Rxd8 24. Rxd8#) 23. Rxd4 Rxc3 24. Rhd1 Nc6 25. Rxe4 Rc5 26. a3 g6 (26... f5 $11 {might be stronger.} 27. Re6 Ne5) 27. b4 $1 $14 f5 28. Re3 Rc4 29. Kb2 Kf7 30. Rd5 ({Better is} 30. Rd7+ $16 Kg8 31. Rc3 Rxc3 32. Kxc3) 30... Rc8 {[%emt 0:00:33] [#]} 31. c3 $1 (31. Rd7+ Kg8 $17) 31... f4 {[%emt 0:00:04] [#]} 32. Red3 ({White should try} 32. Re2 $1 $16) 32... Ke6 $11 33. Rd6+ Kf5 34. R6d5+ Ne5 35. f3 $2 (35. Rd2 $11) 35... Ke6 $19 36. Kb3 $2 ({Not} 36. Rd6+ $2 Ke7 37. Rd2 Rxc3 $19) (36. Rd1 Rxc3 37. b5 Rc2+ 38. Kb3 Rxg2 39. R5d4) 36... Nxd3 $19 37. Rxd3 R4c7 38. a4 Rd7 39. Rxd7 Kxd7 40. c4 Kc6 41. Kc3 g5 42. a5 Re8 43. Kd4 Rd8+ 44. Ke5 Rd2 45. g4 Rd3 46. Kf5 h6 47. Kg6 Rxf3 48. Kxh6 Ra3 0-1

[Event "Chinese League Division-A 2024"]
[Site "Fuling Chongqing"]
[Date "2024.07.02"]
[Round "6.4"]
[White "Shen, Yang"]
[Black "Li, Ruofan"]
[Result "1-0"]
[ECO "D35"]
[WhiteElo "2394"]
[BlackElo "2321"]
[Annotator "RC"]
[PlyCount "122"]
[EventDate "2024.06.28"]
[EventType "team-tourn"]
[EventCountry "CHN"]
[SourceTitle "playchess.com"]
[Source "ChessBase"]
[SourceQuality "1"]
[TimeControl "40/5400+30:1800+30"]

1. d4 d5 2. Nf3 Nf6 3. c4 e6 4. Nc3 Be7 5. cxd5 exd5 6. Bf4 c6 7. h3 Bd6 8. e3 O-O 9. Bd3 Re8 10. O-O Qc7 11. Qc1 Nbd7 12. Nb5 cxb5 13. Qxc7 Bxc7 14. Bxc7 a6 15. Rac1 Nf8 16. Nd2 Bd7 17. Be5 Re6 18. Nb3 Rc8 19. Nc5 Rec6 20. Rcd1 Rb6 21. f3 Be6 22. b4 N8d7 23. f4 Nxc5 24. dxc5 Rbc6 25. Bxf6 gxf6 26. f5 Bd7 27. Be2 Re8 28. Rxd5 Rxe3 29. Bxb5 axb5 30. Rxd7 b6 31. cxb6 Rxb6 32. Rc1 Rb8 33. Rcc7 Rf8 34. Rc5 Ra8 35. Rxb5 Rxa2 36. Rb8+ Kg7 37. Rdd8 Re5 38. Rg8+ Kh6 39. Rb7 Rxf5 40. Rxf7 Rf4 41. b5 Rb2 42. Rgg7 Rf5 43. Rxh7+ Kg5 44. Rhg7+ Kh6 45. Rh7+ Kg5 46. Rfg7+ Kf4 47. Rg4+ Ke3 48. Rg3+ Ke4 49. Re7+ Re5 50. Rf7 f5 51. Rf3 Rbxb5 52. Kh2 Rb8 53. h4 Rh8 54. Kh3 Rd5 55. Rf1 Rh5 56. Re1+ Kd4 57. g3 Kc5 58. Kg2 Kd6 59. Rf6+ Kd7 60. Kf3 Rd6 61. Rxd6+ Kxd6 1-0

[Event "Chinese League Division-A 2024"]
[Site "Fuling Chongqing"]
[Date "2024.07.02"]
[Round "6.5"]
[White "Wang, Yu A."]
[Black "Guo, Qi"]
[Result "1/2-1/2"]
[ECO "C47"]
[WhiteElo "2234"]
[BlackElo "2362"]
[Annotator "TA"]
[PlyCount "64"]
[EventDate "2024.06.28"]
[EventType "team-tourn"]
[EventCountry "CHN"]
[SourceTitle "playchess.com"]
[Source "ChessBase"]
[SourceQuality "1"]
[TimeControl "40/5400+30:1800+30"]

1. e4 e5 2. Nf3 Nc6 3. Nc3 Nf6 4. d4 exd4 5. Nxd4 Bb4 6. Nxc6 bxc6 7. Bd3 O-O 8. O-O d5 9. exd5 cxd5 10. Bg5 c6 11. Qf3 Bd6 12. Rae1 Rb8 13. Nd1 h6 14. Bxf6 Qxf6 15. Qxf6 gxf6 {[%emt 0:00:00][%cal Bg7f6,Bf6f5,Bf5f4][%mdl 32] The position is equal.} 16. b3 f5 17. Ne3 f4 18. Nf5 Bxf5 19. Bxf5 Kg7 20. g4 Bb4 21. Rd1 Kf6 22. Kg2 Bc3 (22... Ke5 $11) 23. Rd3 $14 Be5 24. Rh3 Kg7 25. Re1 f6 26. g5 Rh8 27. gxh6+ Rxh6 28. Rxh6 Kxh6 {[%emt 0:00:27] KRB-KRB} 29. Bd7 c5 30. Be6 Rd8 31. Rd1 Bd4 32. Kf3 Rd6 {[%emt 0:00:23] Weighted Error Value: White=0.05 (flawless) /Black=0.11 (very precise) .  Mistake:       	---       	Black=1      Inaccurate:     	White=1     	Black=3      OK:         	White=8     	Black=6      Best:        	---       	Black=1} 1/2-1/2